 Dungeon Crawl Stone Soup version 0.29.1-12-g30fa7ad0bf (webtiles) character file.

Game seed: 14277041394584062286

86 nightchill the Sneak (level 4, -2/26 HPs)
             Began as a Kobold Earth Elementalist on Jan 3, 2023.
             Slain by a black bear (11 damage)
             ... on level 4 of the Dungeon.
             The game lasted 00:15:35 (3519 turns).

nightchill the Sneak (Kobold Earth Elementalist)    Turns: 3519, Time: 00:15:35

Health: -2/26      AC:  3    Str:  7    XL:     4   Next: 78%
Magic:  2/7        EV: 15    Int: 16    God:
Gold:   227        SH:  0    Dex: 15    Spells: 4/7 levels left

rFire   . . .      SeeInvis .   x - +1 short sword (protect)
rCold   . . .      Faith    .   (no shield)
rNeg    . . .      Spirit   .   a - +0 robe
rPois   .          Reflect  .   (no helmet)
rElec   .          Harm     .   (no cloak)
rCorr   .          Rampage  .   (no gloves)
Will    .....                   f - +0 pair of boots
Stlth   ++++......              (no amulet)
HPRegen 0.08/turn               (no ring)
MPRegen 0.10/turn               (no ring)

@: no status effects
A: small, no large weapons, nightstalker 3
a: no special abilities


You were on level 4 of the Dungeon.
You visited 1 branch of the dungeon, and saw 4 of its levels.

You collected 227 gold pieces.

Inventory:

Hand Weapons
 b - a +0 sling
 h - a +0 dagger
 p - a +2 spear of freezing
 x - a +1 short sword of protection (weapon)
Missiles
 d - 41 stones (quivered)
 e - 24 poisoned darts
Armour
 a - a +0 robe (worn)
 f - a +0 pair of boots (worn)
Wands
 s - a wand of iceblast (9)
 t - a wand of polymorph (13)
Scrolls
 i - a scroll of amnesia
 j - a scroll of teleportation {unknown}
 n - a scroll of immolation {unknown}
 o - a scroll of butterflies {unknown}
 q - a scroll of noise {unknown}
 v - a scroll of vulnerability {unknown}
 w - 2 scrolls of identify {unknown}
Potions
 c - 2 potions of curing {unknown}
 g - 3 potions of attraction {unknown}
 k - 2 potions of might {unknown}
 l - a potion of cancellation {unknown}
 m - a potion of degeneration {unknown}
 r - a potion of magic
 u - a potion of ambrosia {unknown}


   Skills:
 + Level 1.8 Fighting
 * Level 2.7 Short Blades
 - Level 2.4 Dodging
 + Level 3.8 Stealth
 - Level 2.4 Spellcasting
 - Level 1.0 Transmutations
 + Level 3.5 Earth Magic


You had 4 spell levels left.
You knew the following spells:

 Your Spells              Type           Power      Damage    Failure   Level
a - Sandblast             Erth           26%        2d8       4%          1
b - Passwall              Tmut/Erth      7%         N/A       12%         2

Your spell library contained the following spells:

 Spells                   Type           Power      Damage    Failure   Level
 Magic Dart               Conj           4%         1d3       21%         1
 Stone Arrow              Conj/Erth      14%        3d7       28%         3
 Searing Ray              Conj           2%         2d4       30%         2
 Petrify                  Tmut/Erth      9%         N/A       61%         4
 Fulminant Prism          Conj/Hex       0%         3d6       89%         4


Dungeon Overview and Level Annotations

Branches:
Dungeon (4/15)
 Temple: D:4-7

Altars:

Annotations:
D:3 exclusion: orc


Innate Abilities, Weirdness & Mutations

You are small and have problems with some larger weapons.
You are completely attuned to the shadows.


Message History

Aiming: Sandblast (safe; 4% risk of failure)
Press: ? - help, Shift-Dir - straight line, f - black bear
Aim: a black bear (87% to hit)
The blast of sand hits the black bear.
The black bear is lightly wounded.
The black bear bites you but does no damage.
The black bear claws you but does no damage.
The black bear misses you. The black bear bites you.
The black bear barely misses you.
The black bear claws you but does no damage.
Casting: Sandblast (safe; 4% risk of failure)
Confirm with . or Enter, or press ? or * to list all spells.
Aiming: Sandblast (safe; 4% risk of failure)
Press: ? - help, Shift-Dir - straight line, f/p - black bear
Aim: a black bear (lightly wounded, 87% to hit)
The blast of sand hits the black bear!
The black bear is heavily wounded.
The black bear bites you. The black bear completely misses you.
The black bear misses you.
Casting: Sandblast (safe; 4% risk of failure)
Confirm with . or Enter, or press ? or * to list all spells.
Aiming: Sandblast (safe; 4% risk of failure)
Press: ? - help, Shift-Dir - straight line, f/p - black bear
Aim: a black bear (heavily wounded, 87% to hit)
The blast of sand hits the black bear.
The black bear is severely wounded.
The black bear goes berserk!
The black bear bites you! The black bear barely misses you.
The black bear claws you.
Casting: Sandblast (safe; 4% risk of failure)
Confirm with . or Enter, or press ? or * to list all spells.
Aiming: Sandblast (safe; 4% risk of failure)
Press: ? - help, Shift-Dir - straight line, f/p - black bear
Aim: a black bear (severely wounded, berserk, 87% to hit)
The blast of sand hits the black bear.
The black bear is severely wounded.
The black bear bites you but does no damage.
The black bear completely misses you.
The black bear claws you but does no damage.
The black bear bites you!
You die...

...#..##........#
##.#............#
....<#.........#
..#†####.......#
.... #.......####
....
........#..##
....
.............###
.....#......# ###
....@#......##...
...##h...#.......
... #....##..##.
. ##....##......
#.............
.....$.........
.?.............
##........
##.......


You could see a black bear (berserk).

Vanquished Creatures
  An adder (D:3)
  2 worms
  2 dart slugs (D:1)
  An orc (D:3)
  2 ball pythons
  4 endoplasms
  2 giant cockroaches (D:1)
  7 goblins
  9 hobgoblins
  10 jackals
  5 quokkas
  4 bats
  A frilled lizard (D:3)
  4 kobolds
  3 rats
57 creatures vanquished.

Notes
Turn   | Place    | Note
-------+----------+-------------------------------------------
     0 | D:1      | nightchill the Kobold Earth Elementalist began the quest
                  | for the Orb.
     0 | D:1      | Reached XP level 1. HP: 10/10 MP: 3/3
   301 | D:1      | Reached XP level 2. HP: 13/16 MP: 0/5
   743 | D:1      | Found a faded altar of an unknown god.
   929 | D:1      | Reached skill level 1 in Fighting
  1054 | D:2      | Learned a level 2 spell: Passwall
  1075 | D:2      | Reached skill level 1 in Short Blades
  1077 | D:2      | Reached XP level 3. HP: 15/20 MP: 1/6
  2286 | D:3      | Reached XP level 4. HP: 19/25 MP: 3/7
  3512 | D:4      | Noticed a black bear
  3519 | D:4      | Slain by a black bear

Illustrated notes

Levels and vault maps discovered:
D:1:      dpeg_arrival_solitude, layout_basic, ebering_ecumenical_altar_webs
D:2:      layout_basic, kennysheep_generic_room_14
D:3:      layout_rooms, nrook_mini_vaults, guppyfry_early_orc_mine
D:4:      layout_cave_pools, makhleb_heckhound_becter, led_xom_imps

Skill      XL: |  1  2  3 |
---------------+----------+-----
Stealth        | 3 |  3.8
Fighting       | 1 |  1.8
Short Blades   | 1 2 |  2.7
Dodging        | |  2.4
Spellcasting   | |  2.4
Transmutations | |  1.0
Earth Magic    | |  3.5

Action                   |  1- 3 |  4- 6 || total
-------------------------+-------+-------++-------
Melee: Dagger            |    21 |    17 ||    38
       Short sword       |       |    17 ||    17
Throw: Stone             |     1 |       ||     1
 Cast: Sandblast         |    40 |    33 ||    73
Evoke: Wand              |       |     1 ||     1
  Use: Scroll            |     1 |       ||     1
 Stab: Sleeping          |     9 |     7 ||    16
Armor: Robe              |     6 |    17 ||    23
Dodge: Dodged            |    31 |    46 ||    77
